 Dungeon Sprint DCSS version 0.16-a0-3553-gf2c86d1 (webtiles) character file.

6067 BluebellGnoll the Fetichist (level 10, -15/103 HPs)
             Began as a Deep Dwarf Gladiator on Jan 10, 2015.
             Was the Champion of Makhleb.
             Demolished by a crystal guardian (22 damage)
             ... in the Dungeon (Sprint V: "Ziggurat Sprint").
             The game lasted 00:12:41 (223 turns).

BluebellGnoll the Fetichist (Deep Dwarf Gladiator)   Turns: 223, Time: 00:12:42

Health: -15/103    AC: 21    Str: 23    XL:     10   Next: 57%
Magic:  25/25      EV:  5    Int:  9    God:    Makhleb [******]
Gold:   0          SH: 33    Dex: 21    Spells: 0 memorised, 9 levels left

rFire  . . .     SeeInvis +     Q - +14 obsidian axe {chop, +Fly Str+3 SInv Curse} (curse)
rCold  . . .     Clarity  .     O - +0 chain mail
rNeg   + . .     SustAb   .     R - +18 shield of the gong {rElec rN+ MR+ EV-5}
rPois  .         Gourm    .     S - +1 helmet {SInv}
rElec  +         Spirit   .     (no cloak)
rCorr  .         Warding  .     (no gloves)
rMut   .         NoTele   +     (no boots)
MR     ++...                    (no amulet)
Stlth  ..........               q - +6 ring of dexterity
                                c - ring of Robustness {AC+8}

@: mesmerised, non-regenerating, studying Dodging, very resistant to hostile
enchantments, extremely unstealthy
A: damage resistance, recharge devices, sense surroundings 2, slow healing 3
a: Device Recharging, Minor Destruction, Lesser Servant of Makhleb, Major
Destruction, Greater Servant of Makhleb, Renounce Religion, Evoke Flight


You were in the Dungeon.
You worshipped Makhleb.
Makhleb was exalted by your worship.
You were not hungry.

You visited 1 branch

Inventory:

Hand weapons
 P - a +5 broad axe
 Q - the cursed +14 obsidian axe (weapon) {chop, +Fly Str+3 SInv Curse}
   (You found it in the Dungeon)

   It inflicts extra damage upon your enemies.
   It affects your strength (+3).
   It enhances your eyesight.
   It lets you fly.
   It may recurse itself when equipped.
   It has a curse placed upon it.
Missiles
 d - 3 throwing nets (quivered)
Armour
 O - a +0 chain mail (worn)
 R - the +18 shield of the gong (worn) {rElec rN+ MR+ EV-5}
   (You found it in the Dungeon)

   It affects your evasion (-5).
   It insulates you from electricity.
   It protects you from negative energy.
   It affects your resistance to hostile enchantments.
 S - a +1 helmet of see invisible (worn)
Jewellery
 b - an uncursed amulet of stasis
 c - the ring of Robustness (left hand) {AC+8}
   (You found it in the Dungeon)

   [ring of protection]

   It affects your AC (+8).
 q - a +6 ring of dexterity (right hand)
 r - the amulet "Xenoa" {rCorr Str+2}
   (You found it in the Dungeon)

   [amulet of resist corrosion]

   It protects you from acid and corrosion.
   It affects your strength (+2).
 s - a +6 ring of intelligence
 t - a +6 ring of intelligence
 u - a +6 ring of strength
 v - a +3 ring of dexterity
Magical devices
 e - a wand of heal wounds (5)
 m - a wand of disintegration (7)
 n - a wand of fire (8)
 o - a wand of cold (8)
 p - a wand of draining (2)
Scrolls
 l - 4 scrolls of blinking
 y - 4 scrolls of amnesia
 B - 3 scrolls of recharging
 C - 7 scrolls of fog
 D - a scroll of holy word
 E - 5 scrolls of identify
 F - 5 scrolls of remove curse
 G - 2 scrolls of fear
Potions
 g - 10 potions of curing
 h - 10 potions of heal wounds
 i - 6 potions of haste
 j - 7 potions of magic
 k - 3 potions of berserk rage
 H - 2 potions of brilliance
 I - 2 potions of invisibility
 J - 2 potions of restore abilities
 K - 4 potions of resistance
 M - 5 potions of agility
 N - 5 potions of might
Books
 w - a tome of Destruction
 L - a manual of Dodging
Miscellaneous
 x - a disc of storms
Comestibles
 a - 3 chunks of flesh
 f - 5 bread rations
 z - 42 fruits
 A - 4 meat rations


   Skills:
 - Level 10.3 Fighting
 - Level 11.8 Axes
 - Level 1.7 Throwing
 - Level 8.0 Armour
 - Level 3.2 Dodging
 + Level 15.7 Shields
 - Level 16.1 Evocations


You had 9 spell levels left.
You didn't know any spells.

Dungeon Overview and Level Annotations

Branches:
Dungeon (1/1)

Altars:
Ashenzari
Cheibriados
Dithmenos
Elyvilon
Fedhas
Gozag
Kikubaaqudgha
Makhleb
Nemelex Xobeh
Okawaru
Qazlal
Ru
Sif Muna
Trog
Vehumet
Xom
Yredelemnul
Zin
The Shining One
Beogh
Jiyva
Lugonu


Innate Abilities, Weirdness & Mutations

You are resistant to damage.
You can recharge devices by infusing magical energy.
You passively map the area around you.
You do not heal naturally.


Message History

Unknown command.
Unknown command.
Unknown command.
Your chain mail prevents you from hitting the vault guard.
The vault guard is almost dead.
You hit the ogre mage.
The ogre mage is almost dead.
You slash the vault guard!
The vault guard is almost dead.
You hit the crystal guardian but do no damage.
The crystal guardian is moderately damaged.
Visions of slaying the ogre mage flood into your mind.
You block the vault guard's attack.
BOUMMMMG!
You block the vault guard's attack.
GONNNNG!
You block the ogre mage's attack.
GONNNNG!
The crystal guardian hits you!!
You die...

,
,▓▓▓▓▓▓▓▓▓▓▓▓▓▓▓▓▓▓▓
,, ...8©8...▓..8©8..▓
,,
▓..))?=...▓..)....▓
,, ,
,▓...}):...▓..}....▓
, ▓.....)...▓.......▓
,,
,,▓.........▓.......▓
, ,
▓.........▓.......▓ ,
▓.....O...▓.......▓
** *
*▓.▓.p@p.▓.▓.▓...▓.▓
, 8
▓...8(....▓.......▓
,, ,
▓▓▓▓▓▓▓▓▓▓▓▓▓▓▓▓▓▓▓
,, ,, ▓..8©8..▓ , ,,*
, , ▓...)}..▓ , , , *
▓...||..▓ , ,
▓....)..▓ , ,
▓.......▓ , , ,,,,
,▓...))..▓


You could see 2 vault guards, a crystal guardian and an ogre mage (invisible).

Vanquished Creatures
  A stone giant (D)
  An ettin (D)
  A deep elf summoner (D)
  A deep elf conjurer (D)
  3 shining eyes (D)
  A vault sentinel (D)
  2 deep elf priests (D)
  A fire vortex (D)
  2 deep elf magi (D)
  A yak (D)
  2 fire elementals (D)
  A wolf (D)
  A hell hound (D)
  A porcupine (D)
  2 jellies (D)
  2 orc priests (D)
  An iron imp (D)
  An iguana (D)
  A quasit (D)
  A hell rat (D)
  A sheep (D)
  3 adders (D)
  An ooze (D)
  2 orcs (D)
  2 crawling corpses (D)
36 creatures vanquished.

Notes
Turn   | Place    | Note
--------------------------------------------------------------
     0 | D        | BluebellGnoll, the Deep Dwarf Gladiator, began the quest for the Orb.
     0 | D        | Reached XP level 1. HP: 19/19 MP: 1/1
     0 | D        | Found a viscous altar of Jiyva.
     0 | D        | Found a corrupted altar of Lugonu.
     0 | D        | Found a white marble altar of Elyvilon.
     2 | D        | Found a sparkling altar of Nemelex Xobeh.
     2 | D        | Found a burning altar of Makhleb.
     2 | D        | Found a deep blue altar of Sif Muna.
     3 | D        | Found a bloodstained altar of Trog.
     6 | D        | Found an iron altar of Okawaru.
    13 | D        | Found a radiant altar of Vehumet.
    14 | D        | Found a basalt altar of Yredelemnul.
    24 | D        | Found a shimmering altar of Xom.
    54 | D        | Became a worshipper of Makhleb the Destroyer
    58 | D        | Reached skill level 8 in Armour
    58 | D        | Reached XP level 2. HP: 26/26 MP: 2/2
    59 | D        | Entered arena 1.
    59 | D        | Noticed an iron imp
    59 | D        | Noticed a quasit
    62 | D        | Killed a quasit
    62 | D        | Reached XP level 3. HP: 31/36 MP: 3/3
    66 | D        | Killed an iron imp
    66 | D        | Reached skill level 5 in Fighting
    73 | D        | Identified Guroesov's Grimoire of the Glacier and Clay (You found it in the Dungeon)
    73 | D        | Identified Guroesov's Grimoire of the Glacier and Clay (You found it in the Dungeon)
    74 | D        | Entered arena 2.
    75 | D        | Acquired Makhleb's first power
    75 | D        | Reached skill level 1 in Shields
    75 | D        | Reached XP level 4. HP: 36/46 MP: 4/4
    77 | D        | Acquired Makhleb's second power
    83 | D        | Identified the Volume of Cold (You found it in the Dungeon)
    83 | D        | Entered arena 3.
    83 | D        | Noticed a fire elemental
    83 | D        | Noticed a fire vortex
    83 | D        | Noticed a fire elemental
    83 | D        | Noticed a hell hound
    85 | D        | Killed a hell hound
    85 | D        | Reached skill level 5 in Evocations
    85 | D        | Reached XP level 5. HP: 49/52 MP: 5/9
    89 | D        | Killed a fire elemental
    89 | D        | Reached skill level 9 in Axes
    89 | D        | Reached XP level 6. HP: 52/61 MP: 5/14
    89 | D        | Killed a fire elemental
    89 | D        | Reached skill level 10 in Axes
    95 | D        | Killed a fire vortex
    95 | D        | Reached skill level 11 in Axes
    95 | D        | Reached XP level 7. HP: 67/67 MP: 6/18
   101 | D        | Entered arena 4.
   101 | D        | Noticed an orc priest
   101 | D        | Noticed an orc priest
   102 | D        | Killed an orc priest
   102 | D        | Acquired Makhleb's third power
   102 | D        | Killed an orc priest
   134 | D        | Entered arena 5.
   134 | D        | Noticed a yak
   134 | D        | Noticed an iguana
   134 | D        | Noticed a wolf
   134 | D        | Noticed a porcupine
   137 | D        | Killed an iguana
   137 | D        | Acquired Makhleb's fourth power
   138 | D        | Killed a porcupine
   140 | D        | Killed a yak
   140 | D        | Reached skill level 12 in Evocations
   140 | D        | Reached XP level 8. HP: 75/78 MP: 13/21
   143 | D        | Killed a wolf
   151 | D        | Identified the Incunabulum of Unstable Good Luck (You found it in the Dungeon)
   152 | D        | Identified Cigotuvi's Disquisition on Shape Shifting (You found it in the Dungeon)
   152 | D        | Entered arena 6.
   152 | D        | Noticed a shining eye
   152 | D        | Noticed a jelly
   152 | D        | Noticed a shining eye
   152 | D        | Noticed a shining eye
   152 | D        | Noticed a jelly
   153 | D        | Killed a jelly
   153 | D        | Acquired Makhleb's fifth power
   153 | D        | Reached skill level 13 in Evocations
   154 | D        | Killed a shining eye
   154 | D        | Reached skill level 14 in Evocations
   155 | D        | Killed a shining eye
   155 | D        | Reached skill level 15 in Evocations
   156 | D        | Killed a jelly
   157 | D        | Killed a shining eye
   157 | D        | Reached skill level 10 in Fighting
   157 | D        | Reached skill level 16 in Evocations
   157 | D        | Gained mutation: You passively map the area around you. [level up]
   157 | D        | Reached XP level 9. HP: 91/94 MP: 16/25
   168 | D        | Got the amulet "Xenoa" {rCorr Str+2}
   178 | D        | Entered arena 7.
   178 | D        | Noticed a deep elf priest
   178 | D        | Noticed a deep elf mage
   178 | D        | Noticed a deep elf summoner
   178 | D        | Noticed a deep elf mage
   178 | D        | Noticed a deep elf priest
   178 | D        | Noticed a deep elf conjurer
   181 | D        | Killed a deep elf conjurer
   181 | D        | Killed a deep elf summoner
   183 | D        | Killed a deep elf priest
   183 | D        | Reached skill level 10 in Shields
   184 | D        | Killed a deep elf mage
   185 | D        | Killed a deep elf mage
   185 | D        | Killed a deep elf priest
   185 | D        | Reached XP level 10. HP: 103/103 MP: 20/25
   206 | D        | Entered arena 8.
   206 | D        | Noticed an ogre mage
   206 | D        | Noticed a crystal guardian
   206 | D        | Noticed a vault guard
   206 | D        | Noticed a vault sentinel
   206 | D        | Noticed a vault guard
   206 | D        | Noticed an ettin
   206 | D        | Noticed a stone giant
   208 | D        | Killed a vault sentinel
   213 | D        | Killed a stone giant
   216 | D        | Killed an ettin
   216 | D        | Reached skill level 15 in Shields
   223 | D        | Demolished by a crystal guardian

Action                   |  1- 3 |  4- 6 |  7- 9 | 10-12 || total
-------------------------+-------+-------+-------+-------++-------
Melee: Broad axe         |     6 |     9 |     9 |    13 ||    37
 Abil: Device Recharging |       |       |     2 |       ||     2
Evoke: Wand              |       |     1 |    12 |     4 ||    17
  Use: Potion            |     1 |       |       |     1 ||     2
